 Dungeon Crawl Stone Soup version 0.25.1-2-g60ff931df9 (webtiles) character file.

Game seed: 15252231011995091288

24 Svendgris the Sneak (level 2, 0/13 HPs)
             Began as a Spriggan Conjurer on Oct 27, 2020.
             Slain by a leopard gecko (4 damage)
             ... on level 1 of the Dungeon.
             The game lasted 00:07:47 (753 turns).

Svendgris the Sneak (Spriggan Conjurer)              Turns: 753, Time: 00:07:48

Health: 0/13       AC:  2    Str:  4    XL:     2   Next: 79%
Magic:  2/7        EV: 18    Int: 16    God:
Gold:   24         SH:  0    Dex: 16    Spells: 6/7 levels left

rFire    . . .     SeeInvis +   f - +0 dagger
rCold    . . .     Gourm    .   (shield restricted)
rNeg     . . .     Faith    .   a - +0 robe
rPois    .         Spirit   .   (helmet restricted)
rElec    .         Reflect  .   (no cloak)
rCorr    .         Harm     .   (gloves unavailable)
MR       +....                  (boots unavailable)
Stlth    ++........             (no amulet)
HPRegen  0.04/turn              b - ring of protection from magic
MPRegen  0.10/turn              (no ring)

@: very quick
A: very small, unfitting armour, see invisible, herbivore, speed 3, slow
metabolism 2
a: no special abilities


You were on level 1 of the Dungeon.
You were not hungry.

You visited 1 branch of the dungeon, and saw 1 of its levels.

You collected 24 gold pieces.

Inventory:

Hand Weapons
 f - a +0 dagger (weapon)
Missiles
 d - 17 stones (quivered)
Armour
 a - a +0 robe (worn)
Jewellery
 b - a ring of protection from magic (left hand)
Comestibles
 c - 2 rations


   Skills:
 + Level 0.1 Short Blades
 + Level 3.3 Dodging
 + Level 3.4 Stealth
 * Level 3.4 Spellcasting
 * Level 3.1 Conjurations


You had 6 spell levels left.
You knew the following spells:

 Your Spells              Type           Power        Failure   Level  Hunger
a - Magic Dart            Conj           ##..         4%          1    None

Your spell library contained the following spells:

 Spells                   Type           Power        Failure   Level  Hunger
 Searing Ray              Conj           ##....       8%          2    ##.....
 Dazzling Flash           Conj/Hex       #.....       28%         3    ###....
 Fulminant Prism          Conj/Hex       #.........   67%         4    ####...
 Iskenderun's Mystic Bla  Conj/Tloc      #.......     67%         4    ####...


Dungeon Overview and Level Annotations

Branches:
Dungeon (1/15)

Altars:


Innate Abilities, Weirdness & Mutations

You are very small and have problems with some larger weapons.
You are too small for most types of armour.
You have supernaturally acute eyesight. (SInv)
You are a herbivore.
You cover ground extremely quickly.
You need to consume almost no food.


Message History

The leopard gecko closely misses you. The jackal closely misses you.
You hit the jackal.
The jackal is severely wounded.
The jackal completely misses you.
The leopard gecko completely misses you.
You hit the jackal.
The jackal is almost dead.
The jackal bites you.
The leopard gecko bites you but does no damage.
The jackal bites you.
You are too injured to fight recklessly!
You are too injured to fight recklessly!
You are too injured to fight recklessly!
You are too injured to fight recklessly!
You are too injured to fight recklessly!
You are too injured to fight recklessly!
You hit the jackal.
You kill the jackal!
The leopard gecko bites you.
You die...

###..# #........#....#..#
.....## #.............#
......###.#....#...#...##
.......##.#.#.^...#..###
.......#.............# #.
.......#.............##..
.......#.............#..#
............##...l.....#
............##..@.....##
...†........#..†.....##
##...................###.
.........................
.###........(........##..
..##...>................#
...............).###.#..
.................)##.# .
#####...............# #


You could see a leopard gecko.

Vanquished Creatures
  An ooze (D:1)
  A dart slug (D:1)
  4 bats (D:1)
  A giant cockroach (D:1)
  2 goblins (D:1)
  4 jackals (D:1)
  2 kobolds (D:1)
  A rat (D:1)
16 creatures vanquished.

Notes
Turn   | Place    | Note
-------+----------+-------------------------------------------
     0 | D:1      | Svendgris the Spriggan Conjurer began the quest for the
                  | Orb.
     0 | D:1      | Reached XP level 1. HP: 9/9 MP: 5/5
   455 | D:1      | Reached XP level 2. HP: 7/13 MP: 7/7
   753 | D:1      | Slain by a leopard gecko

Illustrated notes

Levels and vault maps discovered:
D:1:      dpeg_arrival_lava_temple_mockup, layout_rooms

Skill      XL: |  1 |
---------------+----+-----
Conjurations   | 3 |  3.1
Spellcasting   | 3 |  3.4
Short Blades   | |  0.1
Dodging        | |  3.3
Stealth        | |  3.4

Action                   || total
-------------------------++-------
Melee: Unarmed           ||    34
       Dagger            ||    65
Throw: Stone             ||    12
 Cast: Magic Dart        ||    13
  Use: Potion            ||     1
       Scroll            ||     2
Armor: Robe              ||    16
Dodge: Dodged            ||   110
